 Dungeon Crawl Stone Soup version 0.29-a0-1027-gcd8c55af63 (webtiles) character file.

Game seed: 15990979145857658076

158 ytrimaz the Changer (level 5, -3/33 HPs)
             Began as an Octopode Transmuter on Aug 12, 2022.
             Killed by divine providence
             ... invoked by an orc priest
              (15 damage)
             ... on level 3 of the Dungeon.
             The game lasted 00:02:42 (2311 turns).

ytrimaz the Changer (Octopode Transmuter)           Turns: 2311, Time: 00:02:43

Health: -3/33      AC:  1    Str: 10    XL:     5   Next: 39%
Magic:  8/8        EV: 17    Int: 17    God:
Gold:   214        SH:  0    Dex: 12    Spells: 2/8 levels left

rFire   . . .      SeeInvis .     - Unarmed
rCold   . . .      Faith    .   (no shield)
rNeg    . . .      Spirit   .   (helmet restricted)
rPois   .          Reflect  .   c - amulet of regeneration
rElec   .          Harm     .   d - +4 ring of evasion
rCorr   .          Rampage  .   (no ring)
Will    .....                   (no ring)
Stlth   ++........              (no ring)
HPRegen 0.91/turn               (no ring)
MPRegen 0.11/turn               (no ring)
                                (no ring)
                                (no ring)

@: no status effects
A: almost no armour, amphibious, 8 rings, camouflage 1, gelatinous body 1,
(nimble swimmer 1), tentacles
a: no special abilities


You were on level 3 of the Dungeon.
You visited 1 branch of the dungeon, and saw 3 of its levels.

You collected 214 gold pieces.

Inventory:

Jewellery
 c - an amulet of regeneration (around mantle)
 d - a +4 ring of evasion (left tentacle)
Wands
 a - a wand of flame (7)
 e - a wand of acid (13)
Potions
 b - a potion of cancellation {unknown}


   Skills:
 - Level 1.0 Fighting
 - Level 2.0 Dodging
 - Level 3.5 Unarmed Combat
 - Level 2.1 Spellcasting
 + Level 4.8 Transmutations
 + Level 0.2 Poison Magic


You had 2 spell levels left.
You knew the following spells:

 Your Spells              Type           Power      Damage    Failure   Level
a - Beastly Appendage     Tmut           36%        N/A       2%          1
b - Wereblood             Tmut           18%        N/A       3%          2
c - Spider Form           Tmut/Pois      10%        N/A       21%         3

Your spell library contained the following spells:

 Spells                   Type           Power      Damage    Failure   Level
 Necrotise                Necr           4%         1d4       19%         1
 Ignite Poison            Fire/Tmut/Pois 7%         N/A       28%         3
 Gell's Gravitas          Tloc           1%         N/A       50%         3
 Mephitic Cloud           Conj/Pois/Air  2%         N/A       50%         3
 Teleport Other           Tloc           1%         N/A       50%         3
 Vampiric Draining        Necr           1%         2d6       50%         3
 Ice Form                 Ice/Tmut       10%        N/A       56%         4
 Agony                    Necr           1%         N/A       99%         5
 Freezing Cloud           Conj/Ice/Air   0%         6-21      99%         5
 Dispersal                Tloc           0%         N/A       100%        6


Dungeon Overview and Level Annotations

Branches:
Dungeon (3/15)

Altars:


Innate Abilities, Weirdness & Mutations

You cannot wear most types of armour.
You are amphibious.
You can wear up to eight rings at the same time.
Your skin changes colour to match your surroundings (Stealth+).
Your rubbery body absorbs attacks. (AC +1, EV +1)
((You are camouflaged when in or above water. (Stealth+)))
You have tentacles for arms and can constrict up to eight enemies at once.


Message History

A quokka is nearby!
You tentacle-slap the quokka but do no damage.
Your grab misses the quokka.
You squeeze the quokka, but do no damage.
The quokka is lightly wounded.
The quokka closely misses you.
You closely miss the quokka. Your grab misses the quokka.
The quokka is lightly wounded.
The quokka barely misses you. The quokka misses you.
You bludgeon the quokka!
You kill the quokka!
No target in view!
e - a wand of acid (13) No target in view!
You open the door.
Found a stone staircase leading up.
No target in view!
Found 6 stones.
There is an open door here.
No target in view!
You now have 203 gold pieces (gained 5).
You now have 214 gold pieces (gained 11).
You open the door.
There is an open door here. 2 orc priests come into view.
There are monsters nearby!
An orc comes into view. It is wielding a +0 mace.
The orc priest shouts!
The orc shouts!
The orc priest shouts!
You hear a shout!
The orc priest calls down the wrath of Beogh upon you.
Beogh smites you!
The orc priest calls down the wrath of Beogh upon you.
Beogh smites you!
* * * LOW HITPOINT WARNING * * *
The orc throws a boomerang.
The boomerang barely misses you.
An orc priest comes into view. It is wielding a +0 flail.
The orc priest shouts!
There is an open door here.
The orc priest calls down the wrath of Beogh upon you.
Beogh smites you!
You die...

#.# ##...##
#.# ##.....##
.####.....<.##
.............#
.............+
###..........#
#.#....(..##
#.##.....## #
##.@.## ##'##
#.# #######.#
........#
####....o#
#...o..#
#.#.o.##
#.#.o.#


You could see 3 orc priests.

Vanquished Creatures
  Jessica (D:2)
  Robin (D:2)
  4 gnolls (D:2)
  2 adders (D:2)
  2 worms (D:2)
  4 ball pythons
  4 bats
  4 endoplasms
  3 giant cockroaches
  10 goblins
  10 hobgoblins
  3 quokkas
  A frilled lizard (D:1)
  5 kobolds
  2 rats
56 creatures vanquished.

Notes
Turn   | Place    | Note
-------+----------+-------------------------------------------
     0 | D:1      | ytrimaz the Octopode Transmuter began the quest for the
                  | Orb.
     0 | D:1      | Reached XP level 1. HP: 13/13 MP: 3/3
   177 | D:1      | Reached XP level 2. HP: 18/18 MP: 3/5
   702 | D:1      | Learned a level 2 spell: Wereblood
   867 | D:2      | Reached XP level 3. HP: 7/23 MP: 4/6
  1013 | D:2      | Noticed Robin
  1017 | D:2      | Reached skill level 3 in Transmutations
  1227 | D:2      | Reached XP level 4. HP: 20/28 MP: 5/7
  1284 | D:2      | Reached skill level 4 in Transmutations
  1661 | D:2      | Killed Robin
  1662 | D:2      | Reached XP level 5. HP: 13/33 MP: 6/8
  1809 | D:2      | Learned a level 3 spell: Spider Form
  1854 | D:2      | Found a faded altar of an unknown god.
  1986 | D:2      | Noticed Jessica
  1994 | D:2      | Killed Jessica
  2311 | D:3      | Killed from afar by an orc priest

Illustrated notes

Levels and vault maps discovered:
D:1:      minmay_arrival_up_and_down, layout_loops_ring, minmay_pentomino_s4
D:2:      layout_loops_ring, hellmonk_ecumenical_altar_prayer_group,
          uniq_jessica, uniq_robin
D:3:      layout_loops_corners

Skill      XL: |  1  2  3  4 |
---------------+-------------+-----
Transmutations | 3 4 |  4.8
Fighting       | |  1.0
Dodging        | |  2.0
Unarmed Combat | |  3.5
Spellcasting   | |  2.1
Poison Magic   | |  0.2

Action                   |  1- 3 |  4- 6 || total
-------------------------+-------+-------++-------
Melee: Unarmed           |    71 |    57 ||   128
       Constrict         |    19 |     9 ||    28
       Tentacles         |     8 |     9 ||    17
       Punch             |     3 |     1 ||     4
       Kick              |    12 |     9 ||    21
 Cast: Beastly Appendage |    11 |     5 ||    16
       Wereblood         |     1 |       ||     1
       Spider Form       |       |     3 ||     3
  Use: Scroll            |     2 |     2 ||     4
       Potion            |       |     1 ||     1
 Stab: Sleeping          |     7 |     4 ||    11
Armor: Skin              |     1 |     3 ||     4
Dodge: Dodged            |    49 |    34 ||    83

Table legend: (Time is in decaauts)
 A = Elapsed time spent in this place.
 B = Non-inter-level travel time spent in this place.
 C = Inter-level travel time spent in this place.
 D = Time resting spent in this place.
 E = Time spent auto-exploring this place.
 F = Levels seen in this place.
 G = Mean time per level.
                   A        B        C        D        E       F      G
               +--------+--------+--------+--------+--------+-----+--------+
         Total |   2301 |   2212 |     89 |    502 |   1269 |   3 |  767.0 |
       Dungeon |   2301 |   2212 |     89 |    502 |   1269 |   3 |  767.0 |
               +--------+--------+--------+--------+--------+-----+--------+

Top non-repeatable levels by time:
     D:2: 1360 daAuts
     D:1: 879 daAuts
     D:3: 62 daAuts
